[Event "FIDE WTC-KO 202"]
[Site "Jerusalem"]
[Date "2022.11.23"]
[Round "2.1"]
[White "Li, Di"]
[Black "Gumularz, Szymon"]
[Result "1/2-1/2"]
[ECO "E11"]
[WhiteElo "2441"]
[BlackElo "2530"]
[Annotator "TA"]
[PlyCount "145"]
[EventDate "2022.11.20"]
[EventType "team-tourn"]
[EventCountry "ISR"]
[SourceTitle "playchess.com"]
[Source "ChessBase"]
[SourceQuality "1"]
[TimeControl "2700+10"]

1. d4 e6 2. c4 b6 3. Nf3 Bb7 4. g3 Bb4+ 5. Bd2 Be7 6. Bg2 Nf6 7. O-O O-O 8. Nc3 c6 9. Bg5 d5 10. Qb3 Nbd7 11. Rfd1 Rc8 {[%emt 0:00:20] E11: Bogo-Indian.} 12. Rac1 {[%emt 0:00:07] [#]} Qe8 $146 ({Predecessor:} 12... h6 13. Bxf6 Nxf6 14. Ne5 Nd7 15. Nxd7 Qxd7 16. e4 dxc4 17. Qxc4 c5 18. d5 Bf6 19. e5 Bxe5 20. dxe6 {1-0 (44) Krasenkow,M (2620)-Donchenko,A (2618) Porticcio 2019}) 13. cxd5 cxd5 14. e3 a6 15. a4 h6 16. Bxf6 Bxf6 17. Bf1 Qd8 18. Bd3 Be7 19. Qc2 Bd6 20. Qe2 a5 21. Ba6 Bxa6 22. Qxa6 Ra8 23. Qe2 Nb8 24. Nb5 Na6 25. Ne1 {[%emt 0:00:59] White is more active.} Qd7 26. h4 Nb4 27. Nd3 Rfc8 28. Nxb4 Bxb4 29. h5 Be7 30. Kg2 Bf6 31. f4 Be7 32. Qf1 Bb4 33. Qd3 Rab8 34. Qe2 Rc6 35. Rxc6 Qxc6 36. Kf2 f5 37. Rg1 Rf8 38. Rh1 Kh7 39. Kf3 Kg8 40. Kf2 Kh7 41. Kf3 Kg8 42. Rg1 Kh8 43. Qd1 Qc4 44. b3 Qc6 45. Qc1 Rc8 46. Qxc6 Rxc6 $11 {[%emt 0:00:01][%mdl 4096] Endgame KRB-KRN} 47. g4 fxg4+ 48. Rxg4 {[%emt 0:00:02] [#] Hoping for Rg6.} Be7 $1 49. Rg2 {[%emt 0:02:14] The position is equal.} Kg8 50. e4 dxe4+ 51. Kxe4 Rc1 52. Re2 Kf7 53. Rh2 Re1+ 54. Kd3 Rb1 55. Kc4 Rf1 56. Na7 $1 Rxf4 57. Nc6 {[%emt 0:00:04] Prevents e5.} Bf6 58. Kb5 $1 Bxd4 59. Nxd4 Rxd4 60. Kxb6 {[%emt 0:00:01] KR-KR} Rb4+ 61. Kxa5 Rxb3 62. Rf2+ Ke7 63. Rg2 Kf6 64. Rf2+ $1 Kg5 65. Rg2+ Kf6 66. Rf2+ Ke7 {[%emt 0:00:26] aiming for ...e5.} 67. Rg2 Kf7 68. Rf2+ Ke7 {[%emt 0:01:08] White must now prevent ...e5.} 69. Rg2 Kf6 {[%emt 0:10:05] [#] Threatens to win with ...e5.} 70. Rf2+ Ke7 {[%emt 0:02:31] ...e5 is the strong threat.} 71. Rg2 Kf7 72. Rf2+ Ke7 73. Rg2 {[%emt 0:00:01] Weighted Error Value: White=0.04 (flawless) /Black=0.04 (flawless)} 1/2-1/2